 Dungeon Crawl Stone Soup version 0.28-a0-1117-g0bdd5ba030 (webtiles) character file.

Game seed: 6303527407694425071

1639 spaghetti the Grappler (level 8, -3/62 HPs)
             Began as a Demonspawn Chaos Knight on Dec 12, 2021.
             Was a Plaything of Xom.
             Slain by an orc warrior (15 damage)
             ... on level 7 of the Dungeon.
             The game lasted 00:12:21 (6268 turns).

spaghetti the Grappler (Demonspawn Chaos Knight)    Turns: 6268, Time: 00:12:24

Health: -3/62      AC:  3    Str: 20    XL:     8   Next: 66%
Magic:  8/8        EV: 15    Int: 17    God:    Xom [......]
Gold:   268        SH:  4    Dex: 12    Spells: 7/7 levels left

rFire   . . .      SeeInvis .     - Unarmed
rCold   . . .      Faith    .   (no shield)
rNeg    . . .      Spirit   .   f - +0 robe of Spring {Str+6}
rPois   .          Reflect  .   (no helmet)
rElec   .          Harm     .   c - +0 cloak
rCorr   .          Rampage  .   (no gloves)
Will    .....                   (no boots)
Stlth   +.........              e - amulet of regeneration {@e2}
HPRegen 1.00/turn               p - +4 ring of evasion
MPRegen 0.11/turn               (no ring)

@: no status effects
A: claws 2, demonic guardian 1, big brain 1, condensation shield
a: Renounce Religion


You were on level 7 of the Dungeon.
You worshipped Xom.
You were a very special plaything of Xom.
You visited 1 branch of the dungeon, and saw 7 of its levels.

You collected 268 gold pieces.


Innate Abilities, Weirdness & Mutations

You have very sharp fingernails.
A weak demonic guardian rushes to your aid.
You have an unusually large brain. (Int +2)
A meltable shield of frost defends you. (SH +4)


   Skills:
 + Level 5.1 Fighting
 + Level 1.7 Throwing
 - Level 1.7 Armour
 - Level 0.8 Dodging
 + Level 9.6 Unarmed Combat


You had 7 spell levels left.
You didn't know any spells.
Your spell library contained the following spells:

 Spells                   Type           Power      Damage    Failure   Level
 Summon Small Mammal      Summ           0%         N/A       24%         1
 Call Canine Familiar     Summ           0%         N/A       56%         3
 Summon Guardian Golem    Hex/Summ       0%         N/A       56%         3

Inventory:

Missiles
 g - 148 stones (quivered) {throwing}
 k - 3 datura-tipped darts {throwing}
 l - 61 arrows
 m - 69 bolts
 o - 53 poisoned darts {throwing}
Armour
 a - a +2 leather armour
 c - a +0 cloak (worn)
   (You took it off Crazy Yiuf on level 4 of the Dungeon)
 f - the +0 robe of Spring (worn) {Str+6}
   (You found it on level 6 of the Dungeon)

   Str:       It affects your strength (+6).
 h - a +0 plate armour
   (You found it on level 1 of the Dungeon)
 i - a +0 chain mail
   (Xom gifted it to you on level 6 of the Dungeon)
Magical Staves
 j - a staff of earth {!astaff}
   (You took it off an orc wizard on level 4 of the Dungeon)
 n - a staff of poison {!astaff}
   (Xom gifted it to you on level 2 of the Dungeon)
Jewellery
 e - an amulet of regeneration (around neck) {@e2}
   (You found it on level 1 of the Dungeon)
 p - a +4 ring of evasion (left claw)
   (You found it on level 4 of the Dungeon)
Wands
 v - a wand of paralysis (3)
   (You found it on level 7 of the Dungeon)
Scrolls
 b - a scroll of noise {!r}
 d - a scroll of teleportation {unknown}
 q - a scroll of enchant weapon
 r - 2 scrolls of immolation {!r!r}
 s - 3 scrolls of identify {@r1}
Potions
 t - a potion of flight
 u - a potion of heal wounds {unknown}

Dungeon Overview and Level Annotations

Branches:
Dungeon (7/15)             Temple (0/1) D:5

Altars:
Gozag
Vehumet

Shops:
D:4

(
#.###.###..........#
#.# #.......####.###
#.###.##..##.....#
#.....#.>......###
#####.#.##.#..##
#.#.####..#
#.#....#..#
######.####.#..#
#.oo5@....#....#
#.####.##.####.#
#..# # #># ##(# #.#
.######.# .#......#
$#.###### #.....#
###.#.#


You could see an orc warrior (ally target), an orc priest and a friendly iron
imp (summoned).


Message History

The orc priest misses your ufetubus. 😨 HP[-5]
You take 5 damage, and now have 27/62 hp.
You mangle the orc!!
You kill the orc!
Your ufetubus hits the orc priest. x2; The orc priest misses your ufetubus.
Your ufetubus closely misses the orc priest.
Your ufetubus hits the orc priest. 😨 HP[+1]
Your ufetubus hits the orc priest.
The orc priest dies! 😨 HP[+1]
You see here a +0 club {mace}. 😨 HP[+1]
You start resting.
Your ufetubus disappears in a puff of smoke!
Your icy envelope is restored. 😎 HP[+32]
Your hp is fully restored (62).
You start waiting. "I wonder...
What does this button do?"
Your eyebrows wriggle.
Unknown command.
Unknown command.
Unknown command.
Unknown command.
Things that are here:
a +0 dagger {short}; a +0 robe
Things that are here:
a +0 club {mace}; an orc corpse You open the door.
There is an open door here.
m - 69 bolts (gained 20)
Things that are here:
a +0 club {mace}; an orc corpse
Things that are here:
a +0 dagger {short}; a +0 robe You see here a +0 club {mace}.
v - a wand of paralysis (3)
Okay, then.
Throw: 130 stones {throwing}
Press: ? - help, Q - select action, (/) - cycle Shift-Dir - straight line, f - you That would be overly suicidal.
Okay, then.
Unknown command.
Unknown command.
Found a stone staircase leading down.
g - 148 stones {throwing} (gained 18)
There is a stone staircase leading down here.
Found a stone staircase leading down.
There is a stone staircase leading down here.
s - 3 scrolls of identify {@r1} (gained 1)
o - 53 poisoned darts {throwing} (gained 13)
There is a stone staircase leading down here. "Let's try an experiment, hmmm?"
Your eyebrows wriggle.
Unknown command.
An orc, an orc warrior and an orc priest come into view.
The orc is wielding a +0 vorpal war axe.
The orc priest is wielding a +0 hand axe and wearing a +2 leather armour of poison resistance.
The orc priest shouts!
The orc shouts!
You claw the orc!
You kill the orc!
The orc priest misses you.
An orc priest comes into view. It is wielding a +0 hand axe.
Things that are here:
a +0 vorpal war axe {axe}; a +0 leather armour You mangle the orc priest!!
You kill the orc priest!
The orc warrior hits you from afar with a +0 halberd!
The orc priest looks encouraged for a moment. 😕 HP[-12]
You take 12 damage, and now have 50/62 hp.
The orc warrior hits you with a +0 halberd!
A demonic guardian appears!
Things that are here:
a +0 hand axe {axe}; a +2 leather armour of poison resistance 😮 HP[-10]
You take 10 damage, and now have 40/62 hp.
You scratch the orc warrior but do no damage.
You are now a very special plaything of Xom.
The orc warrior completely misses you. 😮 HP[+1]
You barely miss the orc warrior.
The orc warrior hits you with a +0 halberd! 😮 HP[-9]
You take 9 damage, and now have 32/62 hp.
You barely miss the orc warrior.
The orc warrior completely misses you. 😮 HP[+1]
You closely miss the orc warrior.
The orc warrior hits you with a +0 halberd!!
* * * LOW HITPOINT WARNING * * *
The orc priest casts a cantrip, but nothing happens. 😱 HP[-22]
You take 22 damage, and now have 11/62 hp.
MASSIVE DAMAGE!! (PAUSE)
You swap places.
Your iron imp hits the orc warrior but does no damage.
The orc warrior hits you from afar with a +0 halberd!
You die...
Xom thinks this is hilarious!

Skill      XL: |  1  2  3  4  5  6  7  8 |
---------------+-------------------------+-----
Unarmed Combat | 3 4 6 7 9 |  9.6
Fighting       | 5 |  5.1
Throwing       | 1 |  1.7
Armour         | |  1.7
Dodging        | |  0.8

Action                   |  1- 3 |  4- 6 |  7- 9 || total
-------------------------+-------+-------+-------++-------
Melee: Unarmed           |   128 |   127 |   177 ||   432
       Punch             |       |     2 |    10 ||    12
  Use: Potion            |     1 |     3 |     2 ||     6
       Scroll            |       |     7 |       ||     7
 Stab: Paralysed         |       |       |     2 ||     2
       Petrified         |       |       |     1 ||     1
Armor: Leather armour    |    57 |    29 |    14 ||   100
       Robe              |       |       |     5 ||     5
Dodge: Dodged            |    80 |    92 |    99 ||   271
Block: Other             |       |    12 |    22 ||    34

Levels and vault maps discovered:
D:1:      beargit_arrival_diablo_church, layout_loops_corners,
          serial_bayou_ford_a
D:2:      layout_basic, basic_altar, nicolae_elevator_lobby_asterisk
D:3:      layout_loops_cross, serial_co_window_serial, co_window_paths_b,
          co_window_paths_a, co_window_of_opportunity_a, co_window_paths_b,
          co_window_paths_b, co_window_paths_a, co_window_of_opportunity_b,
          co_window_cross_2, co_window_corner_ca, co_window_unsneaky_path_b,
          co_window_4corner_a, co_window_sun, hellmonk_ecumenical_altar_blasted,
          uniq_sigmund
D:4:      layout_cave_pools, mainiacjoe_overflow_brackets, serial_shops,
          kennysheep_little_box, uniq_crazy_yiuf_cottage
D:5:      layout_loops_corners, minmay_temple_entry_ruins, gup_sewer_entry_bowl
D:6:      layout_loops_ring
D:7:      layout_basic, elyvilon_altar_5

Notes
Turn   | Place    | Note
-------+----------+-------------------------------------------
     0 | D:1      | spaghetti the Demonspawn Chaos Knight began the quest for
                  | the Orb.
     0 | D:1      | Reached XP level 1. HP: 18/18 MP: 1/1
     0 | D:1      | magus.rc [v1.9.6]
   185 | D:1      | Reached skill level 3 in Unarmed Combat
   355 | D:1      | XOM: cloud trail
   682 | D:1      | Gained mutation: You have sharp fingernails. [demonic
                  | ancestry]
   682 | D:1      | Reached XP level 2. HP: 24/24 MP: 2/2
  1246 | D:2      | Gained mutation: You have very sharp fingernails. [demonic
                  | ancestry]
  1246 | D:2      | Reached XP level 3. HP: 26/29 MP: 3/3
  1297 | D:2      | Reached skill level 4 in Unarmed Combat
  1369 | D:2      | Found a radiant altar of Vehumet.
  1470 | D:2      | XOM: potion effect (haste)
  1639 | D:2      | Gained mutation: You have an unusually large brain. (Int
                  | +2) [demonic ancestry]
  1639 | D:2      | Reached XP level 4. HP: 35/35 MP: 4/4
  1768 | D:2      | XOM: divination: detect items
  1978 | D:2      | XOM: god gift: crooked runed staff {god gift}
  2122 | D:3      | Found a faded altar of an unknown god.
  2140 | D:3      | You pick up a book of Callings and begin reading...
  2140 | D:3      | You add the spells Summon Small Mammal, Call Canine
                  | Familiar and Summon Guardian Golem to your library.
  2231 | D:3      | XOM: cloud trail
  2330 | D:3      | Noticed Sigmund
  2334 | D:3      | XOM: scenery: summon butterflies
  2411 | D:3      | XOM: confuse monster(s)
  2423 | D:3      | Killed Sigmund
  2424 | D:3      | Reached skill level 6 in Unarmed Combat
  2424 | D:3      | Gained mutation: A meltable shield of frost defends you.
                  | (SH +4) [demonic ancestry]
  2424 | D:3      | Reached XP level 5. HP: 41/41 MP: 5/5
  2775 | D:3      | Reached XP level 6. HP: 47/47 MP: 6/6
  2858 | D:4      | Identified the +10 hand axe "Newtslayer" {speed, Dex+3}
  2886 | D:4      | Found an opulent altar of Gozag.
  3017 | D:4      | XOM: butterfly on damage
  3035 | D:5      | Entered Level 5 of the Dungeon
  3035 | D:5      | Noticed an ice beast
  3043 | D:4      | XOM: enchant monster (good)
  3045 | D:4      | XOM: silly message
  3113 | D:4      | XOM: swap monsters
  3114 | D:4      | XOM: potion effect (might)
  3118 | D:4      | XOM: divination: magic mapping
  3124 | D:4      | XOM: silly message
  3127 | D:4      | XOM: potion effect (haste)
  3128 | D:4      | XOM: cast spell 'Summon Small Mammal'
  3134 | D:4      | HP: 7/47 [orc priest/divine providence (10)]
  3147 | D:4      | XOM: confuse monster(s)
  3340 | D:4      | Killed an ice beast
  3341 | D:4      | Reached skill level 7 in Unarmed Combat
  3360 | D:4      | Gained mutation: A weak demonic guardian rushes to your
                  | aid. [demonic ancestry]
  3360 | D:4      | Reached XP level 7. HP: 52/52 MP: 7/7
  3429 | D:4      | XOM: divination: detect items
  3519 | D:4      | Found a runed translucent door.
  3520 | D:4      | Noticed Crazy Yiuf
  3616 | D:4      | Found Zoabrut's Weapon Boutique.
  3675 | D:4      | XOM: god gift: 33 gold pieces
  3712 | D:4      | Paralysed by Crazy Yiuf for 7 turns
  3716 | D:4      | XOM: enchant monster (good)
  3721 | D:4      | Killed Crazy Yiuf
  4109 | D:5      | XOM: 11-stop teleportation journey
  4153 | D:5      | Found a staircase to the Ecumenical Temple.
  4164 | D:5      | Reached skill level 8 in Unarmed Combat
  4197 | D:5      | XOM: enchant monster (good)
  4199 | D:5      | XOM: enchant monster (bad)
  4802 | D:6      | Identified the +0 robe of Spring {Str+6}
  4913 | D:6      | XOM: smoke on damage
  5053 | D:6      | Reached skill level 9 in Unarmed Combat
  5053 | D:6      | Reached XP level 8. HP: 59/59 MP: 8/8
  5518 | D:6      | XOM: god gift: chain mail {god gift}
  5537 | D:6      | Reached skill level 4 in Fighting
  5880 | D:7      | XOM: chaos upgrade
  5881 | D:7      | Reached skill level 1 in Throwing
  5913 | D:7      | XOM: silly message
  5959 | D:7      | XOM: silly message
  5961 | D:7      | Reached skill level 5 in Fighting
  6034 | D:7      | XOM: silly message
  6241 | D:7      | XOM: silly message
  6267 | D:7      | HP: 11/62 [orc warrior (23)]
  6268 | D:7      | Slain by an orc warrior

Vanquished Creatures
  Sigmund (D:3)
  2 ice beasts
  2 orc warriors
  An ogre (D:4)
  A centaur (D:5)
  A kobold brigand (D:7)
  A scorpion (D:5)
  A wyvern skeleton (D:7)
  A centaur zombie (D:6)
  4 orc priests
  2 jellies
  Crazy Yiuf (D:4)
  2 hounds
  A gnoll shaman (D:7)
  An iguana (D:6)
  5 orc wizards
  A killer bee zombie (D:7)
  9 adders
  3 gnolls (D:7)
  An ufetubus (D:6)
  A worm (D:2)
  A dart slug (D:4)
  19 orcs
  7 endoplasms
  3 giant cockroaches
  4 goblins
  7 hobgoblins
  7 jackals
  6 quokkas
  7 ball pythons
  9 bats
  2 frilled lizards
  10 kobolds
  6 rats
130 creatures vanquished.

Vanquished Creatures (collateral kills)
  An orc priest (D:7)
1 creature vanquished.

Vanquished Creatures (others)
  A plant (D:1)
1 creature vanquished.

Grand Total: 132 creatures vanquished

Table legend:
 A = Non-vault XP
 B = Vault XP
 C = Vault XP percentage of total XP
 D = Non-vault monster count
 E = Vault monster count
 F = Vault count percentage of total count
                 A         B        C        D         E       F
            +---------+---------+-------+---------+---------+-------
      Total |    2074 |     268 |  11.4 |     124 |       7 |   5.3
            +---------+---------+-------+---------+---------+-------
        D:1 |      35 |       1 |   2.8 |      21 |       1 |   4.5
        D:2 |      75 |       0 |   0.0 |      21 |       0 |   0.0
        D:3 |      54 |     220 |  80.3 |      19 |       1 |   5.0
        D:4 |     473 |      41 |   8.0 |      21 |       1 |   4.5
        D:5 |     425 |       6 |   1.4 |      10 |       4 |  28.6
        D:6 |     402 |       0 |   0.0 |      10 |       0 |   0.0
        D:7 |     610 |       0 |   0.0 |      22 |       0 |   0.0
            +---------+---------+-------+---------+---------+-------

Illustrated notes

Table legend:
 A = Kills in this place as a percentage of kills in entire the game.
 B = Kills by you in this place as a percentage of kills by you in the entire game.
 C = Kills by friends in this place as a percentage of kills by friends in the entire game.
 D = Other kills in this place as a percentage of other kills in the entire game.
 E = Experience gained in this place as a percentage of experience gained in the entire game.
 F = Experience gained in this place divided by the number of levels of this place that you have seen.
                   A       B       C       D       E      F
               +-------+-------+-------+-------+-------+----------------------
         Total | 100.0 | 100.0 | 100.0 | 100.0 | 100.0 | 334.6
       Dungeon | 100.0 | 100.0 | 100.0 | 100.0 | 100.0 | 334.6
               +-------+-------+-------+-------+-------+----------------------

Table legend: (Time is in decaauts)
 A = Elapsed time spent in this place.
 B = Non-inter-level travel time spent in this place.
 C = Inter-level travel time spent in this place.
 D = Time resting spent in this place.
 E = Time spent auto-exploring this place.
 F = Levels seen in this place.
 G = Mean time per level.
                   A        B        C        D        E       F      G
               +--------+--------+--------+--------+--------+-----+--------+
         Total |   6203 |   5851 |    352 |    932 |   3909 |   7 |  886.1 |
       Dungeon |   6203 |   5851 |    352 |    932 |   3909 |   7 |  886.1 |
               +--------+--------+--------+--------+--------+-----+--------+

Top non-repeatable levels by time:
     D:1: 1231 daAuts
     D:5: 1010 daAuts
     D:3: 981 daAuts
     D:6: 906 daAuts
     D:2: 774 daAuts
     D:4: 744 daAuts
     D:7: 554 daAuts
